 Dungeon Crawl Stone Soup version 0.21-b1-23-g1fb0a74 (webtiles) character file.

1173 GoshHeckie the Poker (level 8, -13/70 HPs)
             Began as a Minotaur Fighter on Jan 6, 2018.
             Was a Believer of Okawaru.
             Mangled by an orc warrior
             ... wielding a +0 halberd
              (18 damage)
             ... on level 6 of the Dungeon.
             The game lasted 00:31:45 (6223 turns).

GoshHeckie the Poker (Minotaur Fighter)             Turns: 6223, Time: 00:31:45

Health: -13/70     AC: 12    Str: 22    XL:     8   Next: 18%
Magic:  7/7        EV:  9    Int:  5    God:    Okawaru [**....]
Gold:   289        SH: 10    Dex: 11    Spells: 7/7 levels left

rFire    . . .     SeeInvis .   a - +1 trident
rCold    . . .     Gourm    .   c - +0 shield
rNeg     . . .     Faith    .   b - +0 scale mail
rPois    .         Spirit   .   (helmet restricted)
rElec    .         Reflect  .   B - +2 cloak
rCorr    .         Harm     .   (no gloves)
MR       .....                  F - +0 pair of boots
Stlth    ..........             (no amulet)
HPRegen  0.21/turn              (no ring)
MPRegen  0.10/turn              (no ring)

@: drained
A: retaliatory headbutt, horns 2
a: Heroism, Renounce Religion


You were on level 6 of the Dungeon.
You worshipped Okawaru.
Okawaru was pleased with you.
You were not hungry.

You visited 1 branch of the dungeon, and saw 6 of its levels.

You collected 379 gold pieces.
You spent 90 gold pieces at shops.

Inventory:

Hand Weapons
 a - a +1 trident (weapon)
 k - a +0 halberd
 C - a +3 morningstar
 G - a +2 flail of holy wrath
 J - a +1 dagger of electrocution
Missiles
 e - 185 stones (quivered)
 r - 29 poisoned needles
 t - 118 arrows
Armour
 b - a +0 scale mail (worn)
 c - a +0 shield (worn)
 B - a +2 cloak (worn)
 F - a +0 pair of boots (worn)
Wands
 g - a wand of digging (15)
 H - a wand of scattershot (7)
Scrolls
 h - 5 scrolls of immolation
 l - 2 scrolls of identify
 o - a scroll of enchant armour {unknown}
 q - a scroll of teleportation {unknown}
 u - a scroll of fog {unknown}
 w - a scroll of noise {unknown}
 x - 3 scrolls of magic mapping
 y - 2 scrolls of enchant weapon
 z - 2 scrolls of remove curse
 E - 2 scrolls of amnesia {unknown}
Potions
 d - a potion of might
 i - 2 potions of lignification
 j - 5 potions of curing
 m - 3 potions of haste {unknown}
 n - a potion of degeneration {unknown}
 p - a potion of ambrosia {unknown}
 s - a potion of brilliance {unknown}
 v - a potion of berserk rage {unknown}
 A - 2 potions of agility {unknown}
 I - a potion of mutation {unknown}
Comestibles
 f - 10 rations
 D - 4 chunks of flesh


   Skills:
 + Level 6.2(6.0) Fighting
 + Level 7.7(7.4) Polearms
 + Level 0.9(0.7) Throwing
 + Level 6.0(5.8) Armour
 + Level 2.3(2.1) Dodging
 + Level 1.2(1.0) Stealth
 + Level 5.5(5.3) Shields


You had 7 spell levels left.
You didn't know any spells.

Dungeon Overview and Level Annotations

Branches:
Dungeon (6/15)             Temple (0/1) D:6

Altars:
Okawaru
Trog
Zin


Innate Abilities, Weirdness & Mutations

You reflexively headbutt those who attack you in melee.
You have a pair of horns on your head.


Message History

* * * LOW HITPOINT WARNING * * *
You hit the orc warrior. Your headbutt misses the orc warrior.
The orc warrior is almost dead.
You hit the orc warrior but do no damage.
Your headbutt misses the orc warrior.
The orc warrior is almost dead.
The orc warrior hits you with a halberd.
* * * LOW HITPOINT WARNING * * *
You feel better.
The orc warrior hits you with a halberd!
* * * LOW HITPOINT WARNING * * *
The orc priest calls upon Beogh to heal the orc warrior.
The orc warrior is healed somewhat.
You hit the orc warrior but do no damage.
The orc warrior is severely wounded.
The orc warrior closely misses you.
You barely miss the orc warrior.
The orc warrior is severely wounded.
The orc warrior hits you with a halberd!!
You die...

#.......#
##.......#
#........#
#........
#....... #+#
#..... #.#
#...##### #.#
#......#######.##
######oo@...<...#
#######....#
##...# ##.## #.#
#.# #.# #.# #.#


You could see an orc warrior and an orc priest.

Vanquished Creatures
  Edmund (D:5)
  Duvessa (D:6)
  A phantom (D:4)
  A necrophage (D:5)
  An ogre (D:5)
  Dowan (D:6)
  A scorpion (D:5)
  A crimson imp (D:5)
  A centaur zombie (D:5)
  A hound (D:4)
  3 iguanas
  4 orc wizards
  2 worker ants
  A hound skeleton (D:5)
  8 gnolls
  2 adders
  A shadow imp (D:5)
  3 oozes
  3 worms (D:4)
  2 dart slugs
  2 leopard geckos
  13 orcs
  9 bats
  7 giant cockroaches
  8 goblins
  7 hobgoblins
  8 jackals
  9 kobolds
  4 quokkas
  8 frilled lizards
  A leopard gecko skeleton (D:4)
  12 rats
127 creatures vanquished.

Notes
Turn   | Place    | Note
-------+----------+-------------------------------------------
     0 | D:1      | GoshHeckie the Minotaur Fighter began the quest for the Orb.
     0 | D:1      | Reached XP level 1. HP: 19/19 MP: 0/0
   139 | D:1      | Reached XP level 2. HP: 26/27 MP: 1/1
   389 | D:1      | Reached skill level 3 in Polearms
   389 | D:1      | Reached XP level 3. HP: 9/33 MP: 2/2
  1507 | D:2      | Reached XP level 4. HP: 40/40 MP: 3/3
  1531 | D:2      | Found an iron altar of Okawaru.
  1541 | D:2      | Became a worshipper of Warmaster Okawaru
  1952 | D:3      | Reached skill level 1 in Dodging
  2698 | D:3      | Reached XP level 5. HP: 33/47 MP: 4/4
  2936 | D:3      | Reached skill level 4 in Polearms
  3437 | D:4      | Noticed a moth of wrath
  3556 | D:4      | Found a bloodstained altar of Trog.
  3862 | D:4      | Reached skill level 5 in Fighting
  3864 | D:4      | Reached XP level 6. HP: 35/56 MP: 5/5
  4202 | D:4      | Reached skill level 5 in Polearms
  4202 | D:4      | Reached skill level 5 in Armour
  4337 | D:4      | Reached * piety under Okawaru
  4892 | D:5      | Entered Level 5 of the Dungeon
  4899 | D:5      | Reached XP level 7. HP: 59/61 MP: 6/6
  4903 | D:5      | Reached skill level 1 in Stealth
  4951 | D:5      | Reached skill level 6 in Polearms
  4951 | D:5      | Reached skill level 5 in Shields
  5370 | D:5      | Noticed Edmund
  5389 | D:5      | Killed Edmund
  5677 | D:5      | Reached skill level 7 in Polearms
  5844 | D:6      | Found a staircase to the Ecumenical Temple.
  5942 | D:6      | Found Zin's Purification Station.
  5946 | D:6      | Found a glowing silver altar of Zin.
  5952 | D:6      | Bought a potion of curing for 90 gold pieces
  5961 | D:6      | Noticed Dowan
  5962 | D:6      | Noticed Duvessa
  5986 | D:6      | Killed Duvessa
  5986 | D:6      | Reached ** piety under Okawaru
  5986 | D:6      | Reached XP level 8. HP: 67/70 MP: 7/7
  5991 | D:6      | Killed Dowan
  6223 | D:6      | Mangled by an orc warrior

Skill      XL: |  1  2  3  4  5  6  7 |
---------------+----------------------+-----
Fighting       | 4 5 6 |  6.2
Armour         | 4 5 6 |  6.0
Polearms       | 3 4 5 7 |  7.7
Shields        | 4 5 |  5.5
Dodging        | 1 2 |  2.3
Stealth        | 1 |  1.2
Throwing       | |  0.9

Action                   |  1- 3 |  4- 6 |  7- 9 || total
-------------------------+-------+-------+-------++-------
Melee: Trident           |   115 |   166 |   105 ||   386
       Headbutt          |    16 |    26 |    25 ||    67
Throw: Stone             |    13 |    12 |     2 ||    27
Invok: Heroism           |       |       |     1 ||     1
  Use: Scroll            |       |     6 |       ||     6
       Potion            |       |       |     1 ||     1
  Eat: Chunk             |     2 |    11 |     4 ||    17
Armor: Scale mail        |    34 |    52 |    27 ||   113
Dodge: Dodged            |    25 |    34 |    15 ||    74
Block: Shield            |    60 |    60 |    43 ||   163
